 Dungeon Crawl Stone Soup version 0.15-a0-183-gc0cdb55 (webtiles) character file.

664604 sohrabkorkchi the Invulnerable (level 27, -2/242 (256) HPs)
             Began as a Lava Orc Fighter on Apr 19, 2014.
             Was the Champion of the Shining One.
             Killed from afar by a lich (53 damage)
             ... with a crystal spear
             ... on Level 4 of the Depths on Apr 20, 2014.
             The game lasted 05:12:47 (80198 turns).

sohrabkorkchi the Invulnerable (Lava Orc Fighter)  Turns: 80198, Time: 05:12:48

HP  -2/242 (256) AC 57     Str 50      XL: 27
MP  31/36        EV 14     Int  8      God: the Shining One [******]
Gold 5410        SH 57     Dex 18      Spells:  2 memorised, 35 levels left

rFire  + + +     SeeInvis +     Z - +10,+11 broad axe "Lifebane" {chop, rC++ MR++ Str+2}
rCold  + + .     Clarity  +     i - +10 crystal plate armour "Colapp" {rF+ MR++}
rNeg   + + +     Conserve .     H - -2 large shield
rPois  .         rCorr    .     B - +2 helmet {SInv}
rElec  .         rRot     .     p - +1 cloak of the Skies Above {Dex+2 Acc+4 Stlth--}
SustAb . .       Spirit   .     a - +0 pair of gloves {Str+3}
rMut   .         Warding  .     y - +3 pair of boots of the Other World {Str+2 Dex+3}
Saprov + . .     Stasis   .     w - amulet "Vicyxeyd" {Faith rC+ Str+3}
MR     +++++                    L - +6 ring of strength
                                R - ring "Xiroicots" {rF+ Str+2 Dex+3}

@: glowing, almost entirely resistant to hostile enchantments, extremely
unstealthy
A: claws 1, clarity, conserve scrolls, low mp 1, magic resistance 1, saprovore
1, shaggy fur 1
a: Divine Shield, Cleansing Flame, Summon Divine Warrior, Renounce Religion
}: 3/15 runes: decaying, serpentine, silver


You were on level 4 of the Depths.
You worshipped the Shining One.
The Shining One was exalted by your worship.
You were hungry.

You visited 15 branches of the dungeon, and saw 61 of its levels.
You visited the Abyss 1 time.
You visited 1 Ziggurat, and saw 14 of its levels.
You also visited: Ice Cave and Volcano.

You collected 7523 gold pieces.
You spent 2113 gold pieces at shops.

Inventory:

Hand weapons
 l - a +9,+6 broad axe
 Z - the +10,+11 broad axe "Lifebane" (weapon) {chop, rC++ MR++ Str+2}
   (You found it on level 3 of the Elven Halls)

   It inflicts extra damage upon your enemies.
   It affects your strength (+2).
   It greatly protects you from cold.
   It affects your resistance to hostile enchantments.
Armour
 a - a +0 pair of gloves of strength (worn)
 i - the cursed +10 crystal plate armour "Colapp" (worn) {rF+ MR++}
   (You acquired it on level 11 of the Dungeon)

   It protects you from fire.
   It affects your resistance to hostile enchantments.
   It has a curse placed upon it.
 p - the cursed +1 cloak of the Skies Above (worn) {Dex+2 Acc+4 Stlth--}
   (You found it on level 5 of the Vaults)

   It affects your dexterity (+2).
   It affects your accuracy with ranged weapons and melee attacks (+4).
   It makes you much less stealthy.
   It has a curse placed upon it.
 y - the +3 pair of boots of the Other World (worn) {Str+2 Dex+3}
   (You bought it in a shop on level 1 of the Orcish Mines)

   It affects your strength (+2).
   It affects your dexterity (+3).
 B - a +2 helmet of see invisible (worn)
 H - a -2 large shield (worn)
Magical devices
 k - a wand of heal wounds (2)
 m - a wand of heal wounds (4)
 x - a wand of fireball (3)
 G - a wand of teleportation (0)
 K - a wand of teleportation (3)
 X - a wand of lightning (2)
Comestibles
 d - 8 meat rations
 t - 8 bread rations
 F - 3 chunks of tengu flesh
Scrolls
 b - a scroll of summoning
 f - 2 scrolls of magic mapping
 g - 4 scrolls of holy word
 h - 16 scrolls of teleportation
 j - 7 scrolls of blinking
 n - a scroll of silence
 s - 5 scrolls of identify
 u - a scroll of enchant weapon I
 C - 2 scrolls of fear
 J - 26 scrolls of remove curse
 O - 4 scrolls of recharging
 T - 4 scrolls of fog
 Y - a scroll of brand weapon
Jewellery
 c - the cursed amulet of Cekugob {Ward -Tele Hunger rElec rPois rN++ AC+1 EV+1}
   (You found it on level 3 of the Elven Halls)

   [amulet of warding]

   It may prevent the melee attacks of summoned creatures.
   It affects your AC (+1).
   It affects your evasion (+1).
   It insulates you from electricity.
   It protects you from poison.
   It greatly protects you from negative energy.
   It prevents most forms of teleportation.
   It speeds your metabolism.
   It has a curse placed upon it.
 o - a cursed +5 ring of protection
 q - a cursed amulet of guardian spirit
 w - the amulet "Vicyxeyd" (around neck) {Faith rC+ Str+3}
   (You took it off a vault warden on level 5 of the Vaults)

   [amulet of faith]

   It allows you to gain divine favour quickly.
   It affects your strength (+3).
   It protects you from cold.
 L - a +6 ring of strength (right hand)
 N - a cursed ring of the Octopus King {SustAb AC+1 EV+1 Str+1 Dex+1 Int+1}
   (You found it on level 5 of the Vaults)

   [ring of sustain abilities]

   It sustains your strength, intelligence and dexterity.
   It affects your AC (+1).
   It affects your evasion (+1).
   It affects your strength (+1).
   It affects your intelligence (+1).
   It affects your dexterity (+1).
   It has a curse placed upon it.
 Q - an uncursed amulet of conservation
 R - the ring "Xiroicots" (left hand) {rF+ Str+2 Dex+3}
   (You bought it in a shop on level 4 of the Orcish Mines)

   [ring of protection from fire]

   It affects your strength (+2).
   It affects your dexterity (+3).
   It protects you from fire.
 S - a cursed amulet of faith
Potions
 A - 5 potions of curing
Miscellaneous
 e - a lamp of fire
 v - a stone of tremors
 U - a stone of tremors
 W - a legendary deck of war {Pain}


   Skills:
 + Level 22.9 Fighting
 + Level 24.5 Axes
 O Level 27 Armour
 - Level 11.0 Dodging
 + Level 21.7 Shields
 - Level 6.6 Spellcasting
   Level 8.5 Hexes
 - Level 7.7 Charms
 - Level 18.9 Invocations
 - Level 9.3 Evocations


You had 35 spell levels left.
You knew the following spells:

 Your Spells              Type           Power        Failure   Level  Hunger
b - Swiftness             Chrm/Air       #.......     24%         2    ##.....
c - Song of Slaying       Chrm           ###.....     6%          2    ##.....


Dungeon Overview and Level Annotations

Branches:
Dungeon (15/15)            Temple (1/1) D:4             Orc (4/4) D:10
    Elf (3/3) Orc:3          Lair (8/8) D:10          Swamp (5/5) Lair:5
  Snake (5/5) Lair:3        Slime (0/6) Lair:8       Vaults (5/5) D:13
  Blade (1/1) Vaults:3      Crypt (5/5) Vaults:2       Tomb (2/3) Crypt:3
   Hell (1/1)                 Dis (0/7) Hell            Geh (1/7) Hell
    Coc (0/7) Hell            Tar (1/7) Hell         Depths (4/5) D:15

Altars:
Ashenzari
Cheibriados
Dithmenos
Elyvilon
Fedhas
Kikubaaqudgha
Makhleb
Nemelex Xobeh
Okawaru
Sif Muna
Trog
Vehumet
Xom
Yredelemnul
Zin
The Shining One

Shops:
D:7 !   D:9 [   D:15 *   Orc:1 [   Orc:2 %   Orc:4 :*[=:=   Vaults:3 %

Portals:
Hell: Depths:1 Depths:2 Depths:3 Depths:4
Abyss: Depths:4
Pandemonium: Depths:3 Depths:4


Innate Abilities, Weirdness & Mutations

You have stony skin.
Your flesh is almost immune to the effects of heat.
Your fire spells are more powerful.
Your flesh is vulnerable to cold.
Your heat harms attackers.
You bathe your surroundings in blazing heat.
You are too hot to use scrolls.
You are very good at protecting items from fire.
You can tolerate rotten meat.
You have sharp fingernails.
You possess an exceptional clarity of mind.
Your magical capacity is low (-10% MP).
You are resistant to hostile enchantments.
You are covered in fur (AC +1).


Message History

Evoke which item? (* to show all) (? for menu, Esc to quit)
Okay, then.
Unknown command.
Press: ? - help, v - describe, . - travel, g - get item A large rock.
There is something else lying underneath.
The floor, spattered with blood.
This square is lit by a halo.
Evoke which item? (* to show all) (? for menu, Esc to quit)
Zapping:
m - a wand of heal wounds
Press: ? - help, Shift-Dir - straight line, f - you You feel much better.
The tengu reaver is burned by your radiant heat.
The tengu reaver is heavily wounded.
You block the tengu reaver's attack. x3
The lich is burned by your radiant heat.
The lich is moderately damaged.
The lich points at you and mumbles some strange words.
The crystal spear hits you!
You die...

###################
.......§.§..cL.$.....
.......§..%)@H..*....
##.###...§.#D#Y....###
.##..##.....#(#.#.....#
..#...#.....#.#.#.#.....
...........#.#...#.#....
..###.....#.##...##.#..
..##.....#.## #..##.# ##
..#.....#.## #.. # #.
....)..#.## # #.


You could see an iron dragon, a tengu reaver, a lich (invisible), a catoblepas
and a yaktaur captain.

Vanquished Creatures
  An ancient lich (Zig:10)
  Khufu (Crypt:5)
  5 greater mummies
  Saint Roka (Snake:4)
  Margery (Crypt:5)
  Norris (Snake:3)
  Mennas (Crypt:3)
  Geryon (Hell)
  3 golden dragons
  A profane servitor (Crypt:5)
  4 Brimstone Fiends
  Jory (Vaults:5)
  Xtahua (Crypt:4)
  4 bone dragons
  the Enchantress (Depths:2)
  5 liches
  4 tentacled monstrosities
  6 deep elf blademasters
  20 titans
  5 deep elf master archers
  3 storm dragons
  5 quicksilver dragons
  Rupert (Lair:5)
  8 tengu reavers
  A thorn hunter (Swamp:4)
  Agnes (Depths:3)
  11 sphinxes
  Kirke (Snake:1)
  8 shadow dragons
  14 ancient champions
  13 greater nagas
  17 fire giants
  4 revenants
  Donald (Vaults:1)
  Wiglaf (Depths:2)
  5 ghouls
  An iron dragon (Depths:3)
  22 vault wardens
  3 draconian scorchers (Zig:13)
  18 frost giants
  7 deep elf sorcerers
  Aizul (Snake:3)
  Louise (Snake:3)
  7 emperor scorpions
  2 draconian zealots (Geh:1)
  An orc warlord (Vaults:3)
  Jorgrun (Elf:2)
  6 spriggan defenders
  6 war gargoyles
  6 reapers
  2 draconian annihilators (Zig:13)
  A grey draconian (Crypt:5)
  31 stone giants
  A draconian shifter (Zig:13)
  8 deep elf demonologists
  2 draconian callers (Zig:13)
  5 deep elf annihilators
  2 salamander firebrands (Hell)
  Azrael (Depths:1)
  A purple draconian (Crypt:5)
  6 curse skulls
  4 vampire knights
  2 mottled draconians
  2 white draconians
  A pale draconian (Zig:13)
  4 red draconians
  8 dire elephants
  4 blizzard demons
  6 eidola
  3 minotaurs
  4 unborn
  A crystal guardian (Zig:12)
  Snorg (Orc:1)
  9 mummy priests
  13 deep elf death magi
  13 ettins
  17 yaktaur captains
  A fire dragon (shapeshifter) (Depths:2)
  12 jiangshi
  10 fire dragons
  2 spectral golden dragons
  A quicksilver dragon zombie (Crypt:2)
  3 deep elf high priests
  43 vault guards
  18 ironheart preservers
  20 naga warriors
  2 great orbs of eyes
  5 ice dragons
  16 ogre magi
  Harold (Elf:1)
  3 spriggan air magi
  13 hydras
  Nessos (D:14)
  6 deep troll earth magi
  A spectral sphinx (Zig:10)
  Erica (Lair:1)
  2 shambling mangroves
  16 anacondas
  4 deep troll shamans
  A tengu warrior (Depths:4)
  3 vampire magi
  3 alligators
  A plague shambler (Crypt:1)
  21 death yaks
  8 centaur warriors
  7 orc high priests
  5 shock serpents
  4 hell hogs (Hell)
  8 spectral elves
  3 titan zombies
  4 deep dwarf death knights
  16 naga sharpshooters
  2 spectral salamanders (Hell)
  19 very ugly things
  A shock serpent (shapeshifter) (Vaults:5)
  A spectral storm dragon (Crypt:5)
  22 dancing weapons
  8 spriggan berserkers
  A thrashing horror (Abyss:1)
  16 hell knights
  2 storm dragon zombies
  2 iron golems (Hell)
  4 titan skeletons
  A salamander mystic (Snake:5)
  5 sun demons
  11 ice devils
  A spatial maelstrom (Abyss:1)
  45 skeletal warriors
  2 golden dragon zombies
  11 shadow wraiths
  A kraken simulacrum (Hell)
  9 soul eaters
  21 deep trolls
  4 unseen horrors
  A spectral anaconda (Zig:10)
  2 wizards
  2 giant orange brains
  A death drake (Swamp:5)
  16 deep elf knights
  A large abomination (Zig:2)
  3 iron trolls
  19 deep elf summoners
  A quicksilver dragon simulacrum (Abyss:1)
  A storm dragon skeleton (Zig:9)
  2 spectral hydras (Swamp:5)
  2 swamp dragons (Swamp:5)
  3 shadow demons
  A spriggan druid (Zig:7)
  An ice statue (IceCv)
  2 unseen horrors (shapeshifter)
  2 golden dragon skeletons
  14 flayed ghosts
  11 naga ritualists
  A spectral wolf spider (Crypt:5)
  13 deep elf conjurers
  3 shadow dragon zombies
  Pikel (D:7)
  2 anaconda skeletons (Hell)
  10 mana vipers
  7 necromancers
  A mana viper (shapeshifter) (Vaults:5)
  16 orc knights
  8 hill giants
  23 ironbrand convokers
  5 hellions
  5 flaming corpses
  5 wolf spiders
  8 salamanders
  4 red wasps
  A hill giant (shapeshifter) (Depths:3)
  2 spectral alligators (Crypt:5)
  3 orc sorcerers
  A shadow dragon skeleton (Crypt:5)
  5 sixfirhies
  A frost giant zombie (Zig:11)
  29 phantasmal warriors
  4 stone giant zombies
  2 manticores
  5 fire giant zombies
  6 griffons
  2 spectral humans
  2 cyclopes
  A moth of wrath (shapeshifter) (Vaults:5)
  A sphinx skeleton (Zig:11)
  17 vault sentinels
  2 iron dragon skeletons
  An apocalypse crab (Zig:2)
  19 elephants
  8 guardian serpents
  2 frost giant skeletons
  2 smoke demons
  2 fire giant skeletons (Zig:8)
  6 oklob plants (Zig:8)
  16 naga magi
  A spectral hill giant (Crypt:5)
  A cyclops (shapeshifter) (Vaults:5)
  2 molten gargoyles (Hell)
  2 orange demons
  21 black mambas
  A dire elephant skeleton (Crypt:5)
  17 spiny frogs
  A tormentor (Hell)
  3 kobold demonologists
  A spiny frog (shapeshifter) (Depths:3)
  A grey draconian zombie (Crypt:1)
  3 elf zombies
  4 spriggan skeletons
  A shock serpent skeleton (Crypt:5)
  A tengu conjurer (Depths:3)
  3 spriggan zombies
  2 centaur zombies
  6 swamp worm zombies (Swamp:5)
  2 gargoyles
  52 yaktaurs
  2 elf skeletons
  4 fire drakes
  A yellow draconian skeleton (Crypt:2)
  An anaconda simulacrum (Crypt:5)
  An emperor scorpion zombie (Hell)
  4 efreet
  A hellwing (Elf:3)
  An ancient zyme (Abyss:1)
  A spectral glowing shapeshifter (Zig:10)
  2 blue devils
  3 jumping spiders
  Grinder (D:3)
  A fire drake (shapeshifter) (Depths:1)
  A golden dragon simulacrum (Crypt:1)
  A spectral deep dwarf (Crypt:3)
  2 giant fireflies (shapeshifter)
  6 giant fireflies
  3 demonic crawlers
  26 guardian mummies
  A grey draconian skeleton (Crypt:4)
  A mottled draconian skeleton (Crypt:4)
  A queen bee (D:10)
  12 deep elf priests
  3 hydra zombies
  A pale draconian skeleton (Crypt:1)
  11 polar bears
  4 hell beasts
  19 freezing wraiths
  4 komodo dragons
  An iron troll skeleton (Crypt:5)
  9 iron devils
  4 silent spectres
  A siren zombie (Crypt:5)
  6 trolls
  13 boggarts
  A polar bear (shapeshifter) (Vaults:3)
  23 two-headed ogres
  2 red devils
  2 baby alligators (shapeshifter)
  7 giant leeches
  A wolf spider simulacrum (Crypt:5)
  Prince Ribbit (Lair:1)
  A jumping spider (shapeshifter) (Depths:4)
  2 brown oozes (Zig:4)
  4 hydra skeletons
  15 blink frogs
  An ettin zombie (Tar:1)
  A frost giant simulacrum (Crypt:4)
  6 boulder beetles
  A fire giant simulacrum (Tomb:1)
  25 slime creatures
  6 basilisks
  A merfolk (shapeshifter) (Vaults:5)
  4 alligator zombies
  3 raiju (Abyss:1)
  3 ice dragon zombies
  4 spectral swamp dragons (Swamp:5)
  5 ravens
  10 bog bodies
  A catoblepas skeleton (Crypt:5)
  2 grizzly bears (Lair:5)
  15 shadows
  15 flying skulls
  A trapdoor spider (D:9)
  A brown ooze (shapeshifter) (D:15)
  A red wasp zombie (Crypt:5)
  7 vampires
  A spectral black mamba (Crypt:5)
  4 ynoxinuls
  6 air elementals (Depths:3)
  An alligator skeleton (Crypt:1)
  A black mamba zombie (Crypt:4)
  15 redbacks
  9 tarantellas
  A redback (shapeshifter) (Vaults:5)
  7 spriggans
  2 water elementals
  An ice dragon skeleton (Tomb:1)
  91 yaks
  15 fire elementals
  4 wyverns
  2 ettin skeletons
  A human (Snake:1)
  A shapeshifter (Depths:3)
  4 golden eyes (Abyss:1)
  18 wraiths
  An elephant slug (Lair:8)
  9 hippogriffs
  32 deep elf magi
  2 chaos spawn
  3 fire bats
  3 sharks
  A steam dragon (Zig:13)
  13 hungry ghosts
  9 wargs
  36 deep elf fighters
  A human (shapeshifter) (Elf:3)
  63 ugly things
  4 neqoxecs
  4 hogs (Snake:1)
  An ogre zombie (Zig:12)
  A deep dwarf zombie (Crypt:3)
  Edmund (Orc:1)
  25 vampire mosquitoes
  9 human zombies
  14 swamp worms
  26 wolves
  35 water moccasins
  10 necrophages
  92 nagas
  A soldier ant (D:15)
  A water moccasin (shapeshifter) (Depths:3)
  9 hell hounds
  An infernal demonspawn skeleton (Crypt:4)
  A torturous demonspawn skeleton (Crypt:3)
  A water nymph zombie (Crypt:5)
  4 small abominations
  2 spiny frog skeletons
  4 sky beasts
  A snapping turtle zombie (Tomb:1)
  A baby alligator skeleton (Crypt:3)
  A gelid demonspawn skeleton (Crypt:3)
  A spiny frog zombie (Hell)
  8 spiders (Elf:1)
  9 porcupines
  50 orc warriors
  9 swamp drakes
  2 black bears
  61 ogres
  10 phantoms
  The ghost of sohrabkorkchi the Shield-Bearer, an average LOFi (D:3)
  2 giant goldfish
  22 ice beasts
  2 manticore zombies
  5 swamp dragon zombies (Swamp:5)
  2 yellow wasps
  A mermaid zombie (Crypt:1)
  16 crocodiles
  A blink frog zombie (Crypt:4)
  4 slaves (D:7)
  A lost soul (Elf:3)
  A tengu (shapeshifter) (D:14)
  10 lava worms (Volcano)
  14 centaurs
  A boring beetle (shapeshifter) (Elf:1)
  7 giant slugs
  A brain worm (D:15)
  A glowing shapeshifter simulacrum (Vaults:3)
  A giant slug zombie (Crypt:3)
  A silver statue (Snake:3)
  2 yaktaur zombies
  18 giant frogs
  An eye of draining (Zig:4)
  A cyclops zombie (D:13)
  6 insubstantial wisps (Swamp:5)
  A troll zombie (Snake:4)
  4 scorpions
  A yak zombie (Crypt:5)
  25 wights
  An electric eel (D:11)
  29 killer bees
  A swamp dragon simulacrum (Crypt:5)
  14 crimson imps
  4 lava snakes (Volcano)
  A goliath beetle (shapeshifter) (Vaults:1)
  3 goliath beetles
  2 quasits
  A giant frog zombie (D:6)
  15 hounds
  4 jellies
  3 big fish
  11 iguanas
  An iron imp (Abyss:1)
  36 orc priests
  Crazy Yiuf (D:6)
  A basilisk skeleton (D:9)
  26 orc wizards
  8 worker ants
  A human skeleton (Crypt:1)
  5 sheep (Lair:8)
  11 orange rats
  A killer bee zombie (D:10)
  A shapeshifter simulacrum (D:15)
  A deep dwarf skeleton (Crypt:4)
  A human simulacrum (Tomb:1)
  3 naga zombies (Snake:4)
  A basilisk simulacrum (D:13)
  A crocodile skeleton (Crypt:2)
  A demigod skeleton (Crypt:3)
  2 dwarf skeletons
  2 felid skeletons
  2 big kobold skeletons
  An orange rat zombie (Crypt:2)
  31 mummies
  A worker ant zombie (D:8)
  3 swamp drake zombies
  40 adders
  A steam dragon zombie (D:9)
  2 giant mites
  53 green rats
  8 shadow imps
  9 white imps
  A goliath beetle zombie (D:6)
  7 worms
  10 ufetubi
  A sheep skeleton (Crypt:1)
  An adder skeleton (D:4)
  A gnoll skeleton (D:4)
  A halfling skeleton (Crypt:3)
  8 giant eyeballs
  An ooze (D:2)
  194 orcs
  2 ball pythons (Snake:3)
  34 bats
  A bat skeleton (D:5)
  22 hobgoblins
  24 kobolds
  9 quokkas
  5 giant cockroaches
  12 giant geckos
  A giant gecko skeleton (Crypt:1)
  6 giant newts
  19 goblins
  A goblin zombie (D:5)
  A hobgoblin skeleton (D:7)
  45 jackals
  A jackal skeleton (Crypt:5)
  A kobold zombie (Hell)
  3 orc zombies (Snake:4)
  A quokka skeleton (D:5)
  32 rats
  A rat zombie (Crypt:2)
  A spectral jackal (Crypt:5)
  6 ballistomycetes
  2 briar patches (Swamp:4)
  A bush (D:3)
  9 crawling corpses
  11 fungi
  9 plants
  A tentacle (Hell)
  A toadstool (D:1)
3376 creatures vanquished.

Vanquished Creatures (collateral kills)
  A bone dragon (Crypt:4)
  An acid blob (Zig:4)
  A revenant (Crypt:5)
  A ghoul (Crypt:4)
  A draconian knight (Zig:13)
  A balrug (Zig:9)
  2 reapers
  A vampire knight (Crypt:4)
  A mottled draconian (Zig:13)
  3 white draconians (Zig:13)
  An eidolon (Crypt:5)
  A jiangshi (Crypt:4)
  A great orb of eyes (Zig:4)
  A deep dwarf death knight (Crypt:4)
  A titan skeleton (Zig:9)
  2 skeletal warriors (Crypt:5)
  A deep elf summoner (Zig:6)
  A flayed ghost (Zig:9)
  An oklob plant (Zig:8)
  A freezing wraith (Crypt:4)
  A guardian mummy (Tomb:1)
  A hydra zombie (Tomb:1)
  3 wraiths
  A dire elephant simulacrum (Crypt:5)
  A shadow (Tomb:1)
  A hungry ghost (Crypt:5)
  A deep elf fighter (Zig:6)
  A wolf skeleton (Crypt:4)
  An orange rat (Zig:6)
  A giant eyeball (Zig:4)
36 creatures vanquished.

Vanquished Creatures (others)
  A daeva (Crypt:4)
  3 fire giants
  A tengu reaver (Vaults:5)
  A stone giant (Zig:12)
  An ironheart preserver (Vaults:5)
  3 deep elf high priests
  2 spectral elves (Elf:3)
  A soul eater (Elf:3)
  3 fire elementals
  A bog body (Swamp:5)
  A sphinx simulacrum (Depths:3)
  A deep elf mage (Elf:2)
  A ynoxinul (Elf:3)
  A human (Snake:1)
  A hippogriff (Zig:3)
  2 deep elf fighters
  A wolf (IceCv)
  A naga (Snake:5)
  A swamp drake (Zig:7)
  16 lost souls
  A white imp (Zig:11)
  3 giant spores
  4 fungi
  7 plants
  3 tentacles (Hell)
  34 tentacle segments (Hell)
  3 toadstools (D:1)
98 creatures vanquished.

Grand Total: 3510 creatures vanquished

Notes
Turn   | Place    | Note
--------------------------------------------------------------
     0 | D:1      | sohrabkorkchi, the Lava Orc Fighter, began the quest for the Orb.
     0 | D:1      | Reached XP level 1. HP: 19/19 MP: 1/1
   425 | D:1      | Reached skill level 4 in Fighting
   427 | D:1      | Reached XP level 2. HP: 27/27 MP: 2/2
   718 | D:2      | Reached XP level 3. HP: 23/33 MP: 3/3
   925 | D:2      | Reached skill level 1 in Dodging
  1265 | D:2      | Reached XP level 4. HP: 37/41 MP: 4/4
  1687 | D:3      | Found a shimmering altar of Xom.
  1778 | D:3      | Noticed an ice beast
  1796 | D:3      | Killed an ice beast
  1796 | D:3      | Reached XP level 5. HP: 32/47 MP: 5/5
  1900 | D:3      | Noticed sohrabkorkchi's ghost (average LOFi)
  1921 | D:3      | Killed sohrabkorkchi's ghost
  1921 | D:3      | Reached skill level 5 in Shields
  1921 | D:3      | Reached XP level 6. HP: 7/55 MP: 6/6
  2953 | D:3      | Noticed Grinder
  2967 | D:3      | Killed Grinder
  2967 | D:3      | Reached skill level 5 in Fighting
  2967 | D:3      | Reached skill level 5 in Axes
  2967 | D:3      | Reached skill level 6 in Shields
  2967 | D:3      | Reached XP level 7. HP: 21/61 MP: 7/7
  3498 | D:4      | Reached skill level 5 in Armour
  3580 | D:4      | Found an iron altar of Okawaru.
  3607 | D:4      | Became a worshipper of Warmaster Okawaru
  3746 | D:4      | Found a staircase to the Ecumenical Temple.
  3768 | Temple   | Entered the Ecumenical Temple
  3790 | D:5      | Entered Level 5 of the Dungeon
  4393 | D:5      | Found a sparkling altar of Nemelex Xobeh.
  4445 | D:5      | Reached XP level 8. HP: 63/70 MP: 8/8
  4749 | D:5      | Found a radiant altar of Vehumet.
  4984 | D:6      | Reached skill level 7 in Axes
  5178 | D:6      | Paralysed by a giant eyeball for 3 turns
  5188 | D:6      | Paralysed by a giant eyeball for 3 turns
  5278 | D:6      | Acquired Okawaru's first power
  5896 | D:6      | Noticed Crazy Yiuf
  5911 | D:6      | Killed Crazy Yiuf
  5911 | D:6      | Reached skill level 8 in Axes
  6474 | D:7      | Noticed Pikel
  6586 | D:7      | Reached skill level 1 in Evocations
  6586 | D:7      | Reached XP level 9. HP: 79/79 MP: 10/10
  6685 | D:7      | Found Placs' Distillery.
  6884 | D:7      | Bought a potion of mutation for 37 gold pieces
  6884 | D:7      | Bought a potion of heal wounds for 45 gold pieces
  6884 | D:7      | Bought a potion of heal wounds for 45 gold pieces
  6884 | D:7      | Bought 2 potions of heal wounds for 90 gold pieces
  6888 | D:7      | Bought a potion of restore abilities for 45 gold pieces
  7058 | D:7      | Reached skill level 9 in Axes
  7554 | D:7      | Paralysed by a giant eyeball for 3 turns
  7684 | D:7      | Killed Pikel
  8144 | D:8      | Reached skill level 10 in Axes
  8383 | D:8      | Got a smoking buckler
  8400 | D:8      | Reached skill level 1 in Invocations
  8400 | D:8      | Reached XP level 10. HP: 77/88 MP: 16/16
  8410 | D:8      | Identified the cursed +2 buckler "Shesch" {rElec rN+ Stlth-} (You found it on level 8 of the Dungeon)
  9085 | D:9      | Gained mutation: Your spells are a little harder to cast, but a little more powerful. [mutagenic meat]
  9086 | D:9      | Gained mutation: You are partially covered in rough black scales (AC +4, Dex -1). [mutagenic meat]
  9695 | D:9      | Got a jewelled spear
  9696 | D:9      | Identified the +7,+8 spear of Joyful Slaughter {freeze, Str+2 Dex+3 Stlth+} (You found it on level 9 of the Dungeon)
  9769 | D:9      | Reached skill level 11 in Axes
  9775 | D:9      | Acquired Okawaru's second power
 10441 | D:9      | Found Frigh's Antique Armour Shop.
 10593 | D:10     | Entered Level 10 of the Dungeon
 10646 | D:10     | Found a staircase to the Orcish Mines.
 10661 | Orc:1    | Entered Level 1 of the Orcish Mines
 10768 | Orc:1    | Noticed Snorg
 10778 | Orc:1    | HP: 1/91 [Snorg (7)]
 10782 | Orc:1    | Killed Snorg
 10782 | Orc:1    | Reached skill level 5 in Invocations
 10782 | Orc:1    | Reached XP level 11. HP: 19/97 MP: 13/19
 11096 | Orc:1    | Found Peidwocvu's Armour Boutique.
 11301 | Orc:2    | Received a gift from Okawaru
 11305 | Orc:2    | Got a dazzling broad axe {god gift}
 11307 | Orc:2    | Identified the +11,+7 broad axe "Ekhlastry" {freeze, Str+3 Dex+3} (Okawaru gifted it to you on level 2 of the Orcish Mines)
 11749 | Orc:2    | Found Maeptasm's Food Boutique.
 11937 | Orc:2    | Reached skill level 12 in Axes
 12567 | Orc:1    | Noticed Edmund
 12575 | Orc:1    | Killed Edmund
 12724 | Orc:1    | Bought the +3 pair of boots of the Other World {Str+2 Dex+3} for 592 gold pieces
 12763 | Orc:3    | Found a bloodstained altar of Trog.
 12833 | Orc:3    | Found a staircase to the Elven Halls.
 13509 | D:10     | Reached skill level 10 in Fighting
 13948 | D:10     | Found a staircase to the Lair.
 14204 | D:10     | Got a bronze scale mail
 14224 | D:10     | Identified the +6 scale mail of Hangman {Acc-3} (You found it on level 10 of the Dungeon)
 14264 | D:10     | Paralysed by a giant eyeball for 3 turns
 14521 | D:10     | Noticed an ogre mage
 14523 | D:10     | Reached skill level 13 in Axes
 14532 | D:10     | Reached skill level 10 in Shields
 14541 | D:10     | Killed an ogre mage
 14541 | D:10     | Reached XP level 12. HP: 96/107 MP: 23/23
 15438 | D:11     | Received a gift from Okawaru
 15486 | D:11     | Gained mutation: You are resistant to hostile enchantments. [mutagenic meat]
 15488 | D:11     | Identified a scroll of acquirement
 15495 | D:11     | Got a shimmering crystal plate armour
 15528 | D:11     | Identified the +10 crystal plate armour "Colapp" {rF+ MR++} (You acquired it on level 11 of the Dungeon)
 15947 | D:12     | Gained mutation: Your spells are harder to cast, but more powerful. [mutagenic meat]
 15948 | D:12     | Gained mutation: You tend to lose your temper in combat. [mutagenic meat]
 16008 | D:12     | Noticed a six-headed hydra
 16017 | D:12     | Noticed a four-headed hydra
 16020 | D:12     | Killed a six-headed hydra
 16020 | D:12     | Reached skill level 14 in Axes
 16020 | D:12     | Reached skill level 10 in Armour
 16024 | D:12     | Killed a four-headed hydra
 16136 | D:12     | Received a gift from Okawaru
 16638 | Orc:4    | Entered Level 4 of the Orcish Mines
 16725 | Orc:4    | Found Skedioq's Jewellery Boutique.
 16755 | Orc:4    | Bought the ring "Xiroicots" {rF+ Str+2 Dex+3} for 680 gold pieces
 16853 | Orc:4    | Found Wumutequpp's Book Shop.
 17367 | Orc:4    | Got a faintly glowing shield
 17382 | Orc:4    | Identified the +2 shield of Ukosoket {Acc-1} (You acquired it on level 4 of the Orcish Mines)
 17840 | Orc:4    | Reached XP level 13. HP: 116/116 MP: 26/26
 18074 | Orc:4    | Received a gift from Okawaru
 18517 | Orc:4    | Found Skeus' General Store.
 18518 | Orc:4    | Found Vuuptuod's Book Shop.
 18518 | Orc:4    | Found Sugoclam's Armour Shop.
 18519 | Orc:4    | Found Rosk's Jewellery Boutique.
 18857 | Lair:1   | Entered Level 1 of the Lair of Beasts
 18948 | Lair:1   | Noticed Prince Ribbit
 19097 | Lair:1   | Killed Prince Ribbit
 19257 | Lair:1   | Noticed Erica
 19273 | Lair:1   | Killed Erica
 19273 | Lair:1   | Reached skill level 15 in Axes
 19790 | Lair:2   | Reached skill level 5 in Evocations
 20542 | Lair:3   | Reached skill level 10 in Invocations
 20716 | Lair:3   | Found a staircase to the Snake Pit.
 20899 | Lair:3   | Found a dark tunnel.
 20907 | Volcano  | Entered a volcano
 21077 | Volcano  | Found a bloodstained altar of Trog.
 21096 | Volcano  | Received a gift from Okawaru
 21096 | Volcano  | Reached XP level 14. HP: 125/129 MP: 28/28
 21133 | Volcano  | Found a burning altar of Makhleb.
 22551 | Lair:5   | Noticed Rupert
 22565 | Lair:5   | Killed Rupert
 22846 | Lair:5   | Found a staircase to the Swamp.
 22887 | Lair:5   | Received a gift from Okawaru
 24110 | Lair:7   | Received a gift from Okawaru
 24113 | Lair:7   | Got a fine crossbow {god gift}
 24114 | Lair:7   | Identified the +10,+6 crossbow "Schuluxke" {venom, rC+} (Okawaru gifted it to you on level 7 of the Lair of Beasts)
 24182 | Lair:7   | Upgraded the game from 0.15-a0-179-gb770d62 to 0.15-a0-183-gc0cdb55
 24659 | Lair:7   | You fall through a shaft!
 24659 | Lair:8   | Entered Level 8 of the Lair of Beasts
 24924 | Lair:8   | Received a gift from Okawaru
 24975 | Lair:8   | Found a staircase to the Slime Pits.
 25229 | Lair:8   | Reached XP level 15. HP: 121/137 MP: 29/29
 25230 | Lair:8   | Reached skill level 16 in Axes
 25490 | Lair:8   | Identified a +2 rod of clouds (13/13) (You found it on level 8 of the Lair of Beasts)
 26830 | D:13     | Found a gate to the Vaults.
 26864 | D:13     | Received a gift from Okawaru
 26902 | D:13     | Found a frozen archway.
 26911 | IceCv    | Entered an ice cave
 27256 | IceCv    | Paralysed by a potion of paralysis for 4 turns
 28444 | D:14     | Reached skill level 5 in Dodging
 28464 | D:14     | Lost mutation: You are partially covered in rough black scales (AC +4, Dex -1). [potion of mutation]
 28464 | D:14     | Gained mutation: You have sharp toenails. [potion of mutation]
 28465 | D:14     | Gained mutation: Space occasionally distorts in your vicinity. [potion of mutation]
 28465 | D:14     | Gained mutation: Your flesh is heat resistant. [potion of mutation]
 28514 | D:14     | Paralysed by a giant eyeball for 3 turns
 28785 | D:7      | Bought a potion of cure mutation for 525 gold pieces
 28789 | D:7      | Lost mutation: You tend to lose your temper in combat. [potion of cure mutation]
 28789 | D:7      | Lost mutation: Your spells are harder to cast, but more powerful. [potion of cure mutation]
 28789 | D:7      | Lost mutation: Your spells are a little harder to cast, but a little more powerful. [potion of cure mutation]
 28789 | D:7      | Lost mutation: You have sharp toenails. [potion of cure mutation]
 28789 | D:7      | Lost mutation: Your flesh is heat resistant. [potion of cure mutation]
 29152 | D:14     | Noticed Nessos
 29171 | D:14     | Killed Nessos
 29171 | D:14     | Received a gift from Okawaru
 29175 | D:14     | Got a pair of encrusted boots {god gift}
 29181 | D:14     | Identified the -4 pair of boots of the Sun {Str+2 Dex+1 Int+3} (Okawaru gifted it to you on level 14 of the Dungeon)
 29645 | D:13     | Got a slimy plate armour
 29672 | D:13     | Identified the -3 plate armour of the World {+Blink +Fly Acc-1} (You acquired it on level 13 of the Dungeon)
 29753 | D:15     | Entered Level 15 of the Dungeon
 29781 | D:15     | Reached XP level 16. HP: 147/147 MP: 30/30
 29885 | D:15     | Found a staircase to the Depths.
 30046 | D:15     | Reached skill level 17 in Axes
 30201 | D:15     | Found Pheliodeas' General Store.
 30210 | D:15     | Bought a potion of heal wounds for 54 gold pieces
 30525 | Depths:1 | Entered Level 1 of the Depths
 30531 | Depths:1 | Reached skill level 15 in Fighting
 30864 | Depths:1 | Noticed Azrael
 30869 | Depths:1 | Killed Azrael
 31174 | D:13     | Gained mutation: You tend to lose your temper in combat. [mutagenic meat]
 31175 | D:13     | Gained mutation: Your magical capacity is low (-10% MP). [mutagenic meat]
 31176 | D:13     | Gained mutation: You are agile. (Dex +2) [mutagenic meat]
 31177 | D:13     | Gained mutation: You are covered in fur (AC +1). [mutagenic meat]
 31179 | D:13     | Gained mutation: You have sharp toenails. [mutagenic meat]
 31389 | Snake:1  | Entered Level 1 of the Snake Pit
 31558 | Snake:1  | Received a gift from Okawaru
 31739 | Snake:1  | Noticed Kirke
 31757 | Snake:1  | Killed Kirke
 31850 | Snake:1  | Reached skill level 18 in Axes
 32999 | Snake:2  | Reached skill level 15 in Shields
 33012 | Snake:2  | Received a gift from Okawaru
 33370 | Snake:3  | Noticed Aizul
 33381 | Snake:3  | Killed Aizul
 33909 | Snake:3  | Noticed Louise
 33929 | Snake:3  | Killed Louise
 34009 | Snake:3  | Noticed Norris
 34023 | Snake:3  | Killed Norris
 34023 | Snake:3  | Reached XP level 17. HP: 133/158 MP: 27/27
 34099 | Snake:3  | Received a gift from Okawaru
 34611 | Snake:4  | Noticed Saint Roka
 34672 | Snake:4  | Killed Saint Roka
 34672 | Snake:4  | Reached skill level 19 in Axes
 35098 | Snake:4  | Received a gift from Okawaru
 36242 | Snake:5  | Entered Level 5 of the Snake Pit
 36409 | Snake:5  | Reached skill level 15 in Armour
 37029 | Snake:5  | Received a gift from Okawaru
 37890 | Snake:5  | Received a gift from Okawaru
 37896 | Snake:5  | Reached skill level 20 in Axes
 38397 | Snake:5  | Reached XP level 18. HP: 168/168 MP: 28/28
 38820 | Snake:5  | Received a gift from Okawaru
 39554 | Snake:5  | Received a gift from Okawaru
 40128 | Snake:5  | Got a serpentine rune of Zot
 40793 | Depths:1 | Found a gateway to Hell.
 41211 | Depths:2 | Noticed the Enchantress
 41252 | Depths:2 | Cast into the Abyss (the Enchantress)
 41335 | Abyss:1  | Received a gift from Okawaru
 41529 | Abyss:1  | Noticed a bone dragon
 41551 | Abyss:1  | Killed a bone dragon
 41602 | Abyss:1  | Reached skill level 21 in Axes
 41806 | Depths:2 | Escaped the Abyss
 41861 | Depths:2 | Gained mutation: Your spells are a little harder to cast, but a little more powerful. [mutagenic meat]
 41862 | Depths:2 | Lost mutation: You have sharp toenails. [mutagenic meat]
 41863 | Depths:2 | Lost mutation: You are agile. (Dex +2) [mutagenic meat]
 41864 | Depths:2 | Gained mutation: You are weak. (Str -2) [mutagenic meat]
 41878 | Depths:2 | Paralysed by a giant eyeball for 3 turns
 42024 | Depths:2 | Killed the Enchantress
 42592 | Depths:2 | Noticed a greater mummy
 42598 | Depths:2 | Gained mutation: You digest meat inefficiently. [a cacodemon]
 42625 | Depths:2 | Killed a greater mummy
 42818 | Depths:2 | Noticed Wiglaf
 42842 | Depths:2 | Killed Wiglaf
 43005 | Depths:2 | Reached XP level 19. HP: 179/179 MP: 28/28
 43015 | Depths:2 | Received a gift from Okawaru
 43161 | Depths:2 | Paralysed by a giant eyeball for 3 turns
 43601 | Vaults:1 | Entered Level 1 of the Vaults
 44051 | Vaults:1 | Noticed Donald
 44065 | Vaults:1 | Killed Donald
 44913 | Vaults:1 | Reached skill level 22 in Axes
 45009 | Vaults:1 | Received a gift from Okawaru
 45452 | Vaults:2 | Gained mutation: You are very weak. (Str -4) [mutagenic meat]
 45453 | Vaults:2 | Lost mutation: You digest meat inefficiently. [mutagenic meat]
 45455 | Vaults:2 | Gained mutation: Your flesh is heat resistant. [mutagenic meat]
 45962 | Vaults:2 | Found a staircase to the Crypt.
 46338 | Vaults:2 | Received a gift from Okawaru
 46958 | Vaults:3 | Received a gift from Okawaru
 47232 | Vaults:3 | Reached XP level 20. HP: 191/191 MP: 29/29
 47295 | Vaults:3 | Found a staircase to the Hall of Blades.
 47565 | Vaults:3 | Found Famamier's Food Shoppe.
 48691 | Elf:1    | Entered Level 1 of the Elven Halls
 48889 | Elf:1    | Noticed Harold
 48903 | Elf:1    | Killed Harold
 48906 | Elf:1    | Received a gift from Okawaru
 49432 | Elf:2    | Noticed Jorgrun
 49444 | Elf:2    | Killed Jorgrun
 50284 | Elf:3    | Entered Level 3 of the Elven Halls
 50749 | Elf:3    | Identified the Catalogue of Bewitching Attacks (You found it on level 3 of the Elven Halls)
 50756 | Elf:3    | Got an ancient glass ring
 50759 | Elf:3    | Identified the ring "Oqyonyrr" {rF+ rN+} (You found it on level 3 of the Elven Halls)
 50766 | Elf:3    | Got a jewelled broad axe
 50767 | Elf:3    | Identified the +10,+11 broad axe "Lifebane" {chop, rC++ MR++ Str+2} (You found it on level 3 of the Elven Halls)
 50798 | Elf:3    | Got a pair of distressingly furry boots
 50799 | Elf:3    | Identified the -4 pair of boots of Too Many Cooks {Dex+5 Int+5} (You found it on level 3 of the Elven Halls)
 50810 | Elf:3    | Learned a level 2 spell: Sure Blade
 51964 | Elf:3    | Reached XP level 21. HP: 201/201 MP: 30/30
 52126 | Elf:3    | Reached skill level 1 in Hexes
 52142 | Elf:3    | Identified the Collected Works on the Frostbite
 52261 | Elf:3    | Reached skill level 1 in Spellcasting
 52261 | Elf:3    | Reached skill level 1 in Charms
 52830 | Vaults:4 | Gained mutation: You have sharp fingernails. [mutagenic meat]
 52943 | Vaults:4 | Received a gift from Okawaru
 52946 | Vaults:4 | Got a slimy plate armour {god gift}
 52947 | Vaults:4 | Identified the +2 plate armour of Indecent Exposure {Str+2 Int+5 Dam+5} (Okawaru gifted it to you on level 4 of the Vaults)
 53723 | Vaults:4 | Reached skill level 5 in Hexes
 54025 | Vaults:4 | Gained mutation: You can breathe flames. [mutagenic meat]
 54027 | Vaults:4 | Lost mutation: You are very weak. (Str -4) [mutagenic meat]
 54099 | Vaults:5 | Entered Level 5 of the Vaults
 54116 | Vaults:5 | Reached skill level 5 in Charms
 54139 | Vaults:5 | Reached skill level 5 in Spellcasting
 54615 | Vaults:5 | Reached XP level 22. HP: 166/209 MP: 30/30
 55225 | Vaults:5 | Got a ring of the Octopus King
 55228 | Vaults:5 | Identified a ring of the Octopus King {SustAb AC+1 EV+1 Str+1 Dex+1 Int+1} (You found it on level 5 of the Vaults)
 55290 | Vaults:5 | Noticed Jory
 55311 | Vaults:5 | Killed Jory
 55567 | Vaults:5 | Received a gift from Okawaru
 55773 | Vaults:5 | Identified the Tome of the Lettuce
 55777 | Vaults:5 | Learned a level 2 spell: Swiftness
 55780 | Vaults:5 | Learned a level 2 spell: Song of Slaying
 56531 | Vaults:5 | Got a blackened cloak
 56547 | Vaults:5 | Identified the cursed +1 cloak of the Skies Above {Dex+2 Acc+4 Stlth--} (You found it on level 5 of the Vaults)
 56584 | Vaults:5 | Identified the Reference Book on the Arsonist
 56587 | Vaults:5 | Got a silver rune of Zot
 56875 | Vaults:5 | Got a scintillating amethyst amulet
 57193 | Vaults:5 | Received a gift from Okawaru
 57340 | Blade    | Entered the Hall of Blades
 57491 | Blade    | Reached XP level 23. HP: 215/215 MP: 31/31
 58171 | Depths:3 | Reached skill level 23 in Armour
 58327 | Depths:3 | Noticed Agnes
 58342 | Depths:3 | Killed Agnes
 58466 | Depths:3 | Reached skill level 24 in Armour
 58527 | Depths:3 | Identified the amulet "Vicyxeyd" {Faith rC+ Str+3} (You took it off a vault warden on level 5 of the Vaults)
 58579 | Depths:3 | Identified the Volume of Earthen Execration
 58617 | Depths:3 | Received a gift from Okawaru
 58635 | Depths:3 | Got a brightly glowing broad axe {god gift}
 58638 | Depths:3 | Identified the +0,-1 broad axe "Yduephus" {speed, rN+} (Okawaru gifted it to you on level 3 of the Depths)
 59114 | Hell     | Entered the Vestibule of Hell
 59114 | Hell     | Noticed Geryon
 59130 | Hell     | Received a gift from Okawaru
 59130 | Hell     | Killed Geryon
 59221 | Depths:3 | Gained mutation: You passively map a small area around you. [mutagenic meat]
 59222 | Depths:3 | Lost mutation: Your spells are a little harder to cast, but a little more powerful. [mutagenic meat]
 59223 | Depths:3 | Lost mutation: You can breathe flames. [mutagenic meat]
 59245 | Depths:3 | Gained mutation: Your vision is a little blurry. [mutagenic meat]
 59247 | Depths:3 | Lost mutation: Space occasionally distorts in your vicinity. [mutagenic meat]
 59275 | Depths:3 | Found a gateway to a ziggurat.
 59767 | Swamp:1  | Entered Level 1 of the Swamp
 60309 | Swamp:5  | Entered Level 5 of the Swamp
 60768 | Swamp:5  | Got a decaying rune of Zot
 61779 | Temple   | Fell from the grace of Okawaru
 61779 | Temple   | Became a worshipper of the Shining One
 62918 | Depths:3 | Reached XP level 24. HP: 221/221 MP: 31/31
 63876 | Crypt:1  | Entered Level 1 of the Crypt
 63926 | Crypt:1  | Acquired the Shining One's first power
 64864 | Crypt:1  | Acquired the Shining One's second power
 65975 | Crypt:3  | Noticed Mennas
 66026 | Crypt:3  | Killed Mennas
 66137 | Crypt:3  | Acquired the Shining One's third power
 66497 | Crypt:3  | Found a staircase to the Tomb.
 66506 | Tomb:1   | Entered Level 1 of the Tomb of the Ancients
 66822 | Crypt:3  | Acquired the Shining One's fourth power
 67162 | Crypt:4  | Noticed Xtahua
 67178 | Crypt:4  | Killed Xtahua
 68945 | Crypt:5  | Entered Level 5 of the Crypt
 69038 | Crypt:5  | Noticed Margery
 69039 | Crypt:5  | Found an ancient bone altar of Kikubaaqudgha.
 69046 | Crypt:5  | Killed Margery
 69048 | Crypt:5  | Was placed under penance by the Shining One
 69065 | Crypt:5  | Was forgiven by the Shining One
 69070 | Crypt:5  | Found a basalt altar of Yredelemnul.
 69563 | Crypt:5  | Reached XP level 25. HP: 232/232 MP: 33/33
 69711 | Crypt:5  | Noticed a greater mummy
 69724 | Crypt:5  | Noticed Khufu
 69728 | Crypt:5  | Noticed a greater mummy
 69743 | Crypt:5  | Killed a greater mummy
 69746 | Crypt:5  | Killed Khufu
 69752 | Crypt:5  | Killed a greater mummy
 70888 | Crypt:5  | Reached skill level 15 in Invocations
 70899 | Crypt:5  | Got a transparent granite ring
 71405 | Crypt:5  | Identified the Grimoire of Dark Secrets
 72087 | D:4      | Identified the ring "Phuoq" {Hunger- +Inv} (You took it off a skeletal warrior on level 5 of the Crypt)
 75134 | Tomb:1   | Noticed a greater mummy
 75142 | Tomb:1   | Killed a greater mummy
 75317 | Tomb:1   | Noticed a greater mummy
 75335 | Tomb:1   | Killed a greater mummy
 76814 | Zig:1    | Entered Level 1 of a ziggurat
 76829 | Zig:2    | Entered Level 2 of a ziggurat
 76857 | Zig:3    | Entered Level 3 of a ziggurat
 76895 | Zig:4    | Entered Level 4 of a ziggurat
 76907 | Zig:4    | Paralysed by a giant eyeball for 4 turns
 76914 | Zig:4    | Paralysed by a giant eyeball for 4 turns
 76938 | Zig:5    | Entered Level 5 of a ziggurat
 76986 | Zig:6    | Entered Level 6 of a ziggurat
 77059 | Zig:6    | Identified Bakutirgh's Collected Works on Assistive Damage Dealing (You found it on level 6 of a ziggurat)
 77082 | Zig:7    | Entered Level 7 of a ziggurat
 77140 | Zig:7    | Reached skill level 10 in Dodging
 77140 | Zig:7    | Reached XP level 26. HP: 236/236 MP: 36/36
 77141 | Zig:7    | Reached XP level 27. HP: 242/244 MP: 36/36
 77149 | Zig:7    | Got a scintillating garnet amulet
 77150 | Zig:7    | Identified the amulet of Stuafryg {rCorr +Rage} (You found it on level 7 of a ziggurat)
 77157 | Zig:7    | Was forgiven by Okawaru
 77158 | Zig:8    | Entered Level 8 of a ziggurat
 77216 | Zig:8    | Identified Iskenderun's Compendium of Aerial Battle Magic
 77231 | Zig:9    | Entered Level 9 of a ziggurat
 77305 | Zig:10   | Entered Level 10 of a ziggurat
 77317 | Zig:10   | Noticed an ancient lich
 77339 | Zig:10   | Killed an ancient lich
 77520 | Zig:11   | Entered Level 11 of a ziggurat
 77649 | Zig:11   | Lost mutation: Your flesh is heat resistant. [potion of cure mutation]
 77649 | Zig:11   | Lost mutation: Your vision is a little blurry. [potion of cure mutation]
 77649 | Zig:11   | Lost mutation: You tend to lose your temper in combat. [potion of cure mutation]
 77649 | Zig:11   | Lost mutation: You passively map a small area around you. [potion of cure mutation]
 77649 | Zig:11   | Lost mutation: You are weak. (Str -2) [potion of cure mutation]
 77662 | Zig:12   | Entered Level 12 of a ziggurat
 77936 | Zig:12   | Got a heavily jewelled robe
 77952 | Zig:13   | Entered Level 13 of a ziggurat
 78071 | Zig:13   | Got a wavering tin ring
 78072 | Zig:13   | Identified the cursed ring "Wounohe" {EV-4 Dex+3 Int-2 Dam+4} (You found it on level 13 of a ziggurat)
 78088 | Zig:14   | Entered Level 14 of a ziggurat
 78107 | Zig:14   | Was placed under penance by the Shining One
 78536 | Depths:3 | Reached skill level 25 in Armour
 78551 | Depths:3 | Gained mutation: You possess an exceptional clarity of mind. [mutagenic meat]
 78737 | Depths:3 | Found a one-way gate leading to the halls of Pandemonium.
 78937 | Hell     | Found a gateway to the decaying netherworld of Tartarus.
 79261 | Tar:1    | Entered Level 1 of Tartarus
 79276 | Tar:1    | Was forgiven by the Shining One
 79437 | Hell     | Found a gateway to the freezing wastes of Cocytus.
 79539 | Hell     | Reached skill level 26 in Armour
 79596 | Hell     | Found a gateway to the Iron City of Dis.
 79673 | Hell     | Found a gateway to the ashen valley of Gehenna.
 79722 | Geh:1    | Entered Level 1 of Gehenna
 79928 | Depths:4 | Found a one-way gate to the infinite horrors of the Abyss.
 80096 | Depths:4 | Paralysed by a giant eyeball for 2 turns
 80104 | Depths:4 | Reached skill level 27 in Armour
 80198 | Depths:4 | Killed from afar by a lich

Action                   |  1- 3 |  4- 6 |  7- 9 | 10-12 | 13-15 | 16-18 | 19-21 | 22-24 | 25-27 || total
-------------------------+-------+-------+-------+-------+-------+-------+-------+-------+-------++-------
Melee: War axe           |   125 |   222 |   626 |   187 |       |       |     6 |    14 |       ||  1180
       Battleaxe         |       |       |       |    71 |       |       |       |       |       ||    71
       Spear             |       |       |       |    20 |       |       |       |       |       ||    20
       Broad axe         |       |       |       |   556 |  1155 |  1308 |  1411 |  1760 |   991 ||  7181
       Executioner's axe |       |       |       |       |    56 |       |       |       |       ||    56
       Scimitar          |       |       |       |       |       |    18 |       |       |       ||    18
       Unarmed           |       |       |       |       |       |       |       |    21 |       ||    21
 Cast: Song of Slaying   |       |       |       |       |       |       |       |     1 |       ||     1
Invok: Heroism           |       |       |       |     3 |     3 |     6 |     3 |     3 |       ||    18
       Finesse           |       |       |       |     2 |     2 |     1 |     2 |       |       ||     7
       Cleansing Flame   |       |       |       |       |       |       |       |     4 |    12 ||    16
       Summon Divine War |       |       |       |       |       |       |       |     3 |     8 ||    11
       Divine Shield     |       |       |       |       |       |       |       |     3 |     3 ||     6
 Abil: Evoke Invisibilit |       |       |       |     1 |     1 |     2 |     2 |       |       ||     6
Evoke: Wand              |       |       |     5 |    19 |    14 |    14 |     6 |     2 |     6 ||    66
       Deck              |       |       |       |       |     2 |       |       |       |       ||     2
       Rod               |       |       |       |       |     3 |     2 |       |       |       ||     5
       Lamp of fire      |       |       |       |       |       |       |       |       |     3 ||     3
       Stone of tremors  |       |       |       |       |       |       |       |       |     2 ||     2
  Use: Scroll            |     4 |       |    12 |     6 |    10 |    11 |     7 |    32 |    24 ||   106
       Potion            |     1 |     1 |    11 |    11 |     5 |    16 |     1 |     8 |    11 ||    65
 Stab: Invisible         |       |       |       |     4 |       |     1 |     8 |     1 |       ||    14
       Confused          |       |       |       |       |     2 |       |       |     1 |       ||     3
       Distracted        |       |       |       |       |       |       |       |     3 |     2 ||     5
